Map: Submarine LE

Players

Krystianer - Winner!

  • Race: Protoss Protoss
  • League: Master
  • Spawn Location: 5:00

A.I. 2 (Very Easy)

  • Race: Protoss Protoss
  • Spawn Location: 11:00

VOD

Have the link to the VOD?

Description

Time

  • Played on: July 24, 2020, 10:20 a.m.
  • Length: 11:39
Show
View Real Time Build Order
Export as new Build Order

Krystianer Protoss - Winner!

Build Orders: Zealot Archon 

Get SALT Encoding   

  12  0:00  Probe  
  13  0:13  Probe  
  14  0:17  Pylon  
  14  0:23  Probe  
  15  0:31  Probe  
  15  0:39  Probe, Gateway  
  16  0:45  Assimilator  
  17  0:51  Probe  
  17  0:54  Assimilator  
  18  0:59  Probe  
  19  1:08  Probe, Gateway  
  19  1:18  Probe  
  21  1:26  Cybernetics Core  
  21  1:30  Probe  
  22  1:34  Pylon  
  22  1:42  Probe  
  23  1:52  Warp Gate  
  23  1:54  Probe  
  24  2:02  Adept x2  
  28  2:17  Pylon  
  28  2:28  Nexus  
  28  2:32  Sentry  
  28  2:35  Sentry  
  32  2:46  Probe  
  33  2:55  Robotics Facility  
  34  2:58  Probe  
  34  3:01  Pylon  
  34  3:08  Stalker  
  34  3:12  Stalker  
  38  3:15  Probe  
  39  3:27  Probe  
  40  3:40  Probe x2  
  42  3:52  Probe x2  
  44  3:57  Observer  
  44  3:59  Stalker x2  
  52  4:04  Probe  
  52  4:06  Probe  
  51  4:10  Immortal  
  51  4:20  Probe x2  
  51  4:23  Pylon  
  57  4:32  Probe x2  
  59  4:40  Assimilator  
  59  4:41  Twilight Council  
  59  4:44  Assimilator, Probe, Forge  
  60  4:46  Probe  
  60  4:51  Observer, Immortal  
  65  4:56  Probe, Pylon  
  65  4:58  Probe  
  67  5:06  Protoss Ground Weapons Level 1, Probe  
  67  5:14  Adept  
  70  5:15  Probe  
  70  5:16  Probe, Charge  
  73  5:29  Gateway  
  73  5:30  Gateway  
  73  5:34  Gateway  
  72  5:37  Gateway  
  72  5:47  Templar Archives  
  72  5:52  Warp Prism  
  72  5:57  Probe, Gateway  
  72  5:58  Gateway  
  75  6:14  Pylon  
  75  6:15  Pylon  
  75  6:32  Pylon  
  75  6:33  High Templar x2  
  75  6:34  High Templar x2  
  75  6:35  Zealot x2  
  75  6:39  Archon x2  
  87  6:46  Pylon  
  87  6:48  Nexus  
  87  6:56  High Templar x2, Zealot x2  
  87  6:59  Pylon  
  87  7:00  Archon  
  95  7:05  Protoss Ground Weapons Level 2  
  95  7:07  Zealot x3  
  101  7:17  Zealot x2  
  101  7:18  Zealot  
  107  7:35  Archon x2, High Templar x2, Pylon  
  111  7:37  Zealot x2  
  111  7:39  Archon  
  115  7:52  Zealot  
  115  7:54  Observer, Zealot  
  115  7:55  Zealot x2  
  124  8:08  High Templar x2  
  124  8:11  Zealot x2  
  124  8:12  Zealot  
  134  8:13  Archon  
  134  8:16  Zealot x2  
  134  8:17  Zealot  
  140  8:39  Pylon x2  
  140  8:59  Pylon  
  140  9:01  Pylon  
  140  9:08  Zealot x3  
  140  9:09  Zealot x5  
  156  9:33  Shield Battery  
  156  9:34  Shield Battery  
  156  9:35  Photon Cannon  
  156  9:37  Photon Cannon, High Templar x4  
  156  9:38  Zealot x4  
  166  9:42  Archon x2  
  172  9:59  Assimilator  
  172  10:02  Probe  
  172  10:03  Assimilator  
  172  10:05  Pylon  
  172  10:06  Pylon  
  173  10:12  Photon Cannon  
  173  10:13  Pylon  
  173  10:14  Photon Cannon  
  173  10:16  Photon Cannon  
  173  10:20  Probe x2  
  173  10:22  Probe  
  173  10:28  Probe x2  
  176  10:30  High Templar x4  
  176  10:33  Pylon  
  176  10:34  Archon x2, Probe  
  176  10:35  Zealot x2  
  190  10:37  Probe  
  192  10:49  Robotics Facility  
  192  10:52  Robotics Bay  
  192  11:07  Stargate  
  192  11:09  Stargate  
Show
View Real Time Build Order
Export as new Build Order

A.I. 2 (Very Easy) Protoss 

Build Orders:  

Get SALT Encoding   

  12  0:00  Probe  
  13  0:13  Probe  
  14  0:19  Pylon  
  14  0:37  Assimilator  
  14  0:43  Gateway  
  14  0:46  Pylon  
  14  1:14  Assimilator  
  14  1:18  Probe  
  15  1:26  Probe  
  16  1:33  Cybernetics Core  
  16  1:34  Probe  
  17  1:44  Probe  
  18  1:56  Probe  
  18  1:59  Warp Gate  
  19  2:04  Probe  
  20  2:11  Stalker  
  22  5:17  Zealot  
  22  5:19  Probe, Pylon  
  25  5:22  Robotics Facility  
  25  5:27  Probe  
  26  5:35  Probe  
  27  5:45  Probe  
  28  5:53  Pylon  
  26  5:57  Probe  
  27  6:09  Probe, Observer  
  29  6:13  Zealot  
  31  6:31  Observer  
  32  7:02  Nexus  
  32  7:09  Stalker  
  34  7:50  Stalker  
  36  7:53  Pylon  
  26  8:15  Pylon  
  24  8:23  Probe  
  3  8:53  Nexus  
  2  10:03  Probe  
  3  10:11  Probe  
  3  10:21  Probe  
  4  10:22  Assimilator  
  5  10:33  Probe  
  6  10:45  Probe  
  6  10:48  Pylon  
  6  10:57  Probe  
  7  11:05  Probe  
  8  11:13  Probe  
  9  11:23  Probe  
Tags
 
Composition
Zealot Archon
League
Master
Matchup
PvP
Spawn Locations
Cross Positions
Add a new tag
Caveats
  • Supply blocks, unpowered buildings, or Contaminate may cause inaccurate times.
  • Supply counts are checked every 10 seconds.